 Dungeon Crawl Stone Soup version 0.30.0-17-ge0270778cf (webtiles) character file.

Game seed: 3568920203860594213

514 croobank the Insei (level 7, -2/52 HPs)
             Began as a Gnoll Transmuter on May 23, 2023.
             Killed from afar by Dowan (5 damage)
             ... with a puff of flame
             ... on level 5 of the Dungeon.
             The game lasted 00:15:17 (4358 turns).

croobank the Insei (Gnoll Transmuter)               Turns: 4358, Time: 00:15:17

Health: -2/52      AC:  3    Str:  9    XL:     7   Next: 20%
Magic:  0/24       EV: 13    Int: 15    God:
Gold:   246        SH:  0    Dex: 12    Spells: 14/17 levels left

rFire   . . .        d - +3 quarterstaff
rCold   . . .        (shield currently unavailable)
rNeg    . . .        a - +0 robe
rPois   .            (no helmet)
rElec   +            (no cloak)
rCorr   .            (no gloves)
SInv    .            u - +0 pair of boots
Will    +....        y - amulet of Wisdom {Spirit Fly rElec MP+9 Stlth-}
Stlth   +            f - ring of willpower
HPRegen 0.28/turn    (no ring)
MPRegen 0.19/turn

%: guardian spirit
@: flying, invisible
A: fangs 1, strong nose, distributed training
a: no special abilities


You were on level 5 of the Dungeon.
You visited 1 branch of the dungeon, and saw 5 of its levels.
You also visited: Ossuary.

You collected 246 gold pieces.

Inventory:

Hand Weapons
 b - a +0 sling
 d - a +3 quarterstaff (weapon)
 n - a +0 heavy spear
 A - a +1 dagger of venom
Missiles
 l - 5 poisoned darts
Armour
 a - a +0 robe (worn)
 u - a +0 pair of boots (worn)
Magical Staves
 t - a staff of fire
Jewellery
 f - a ring of willpower (left hand)
 o - a +6 ring of strength
 v - a ring of see invisible
 y - the amulet of Wisdom (around neck) {Spirit Fly rElec MP+9 Stlth-}
   (You found it on level 4 of the Dungeon)

   [amulet of guardian spirit]

   It causes incoming damage to be divided between your reserves of health and
   magic.
   rElec:     It insulates you from electricity.
   MP:        It affects your magic capacity (+9).
   Fly:       It grants you flight.
   Stlth:     It makes you less stealthy.
Scrolls
 c - 4 scrolls of teleportation
 e - 2 scrolls of blinking {unknown}
 g - a scroll of brand weapon {unknown}
 h - a scroll of fog {unknown}
 m - 2 scrolls of fear {unknown}
 p - 2 scrolls of amnesia {unknown}
 q - a scroll of poison {unknown}
 w - a scroll of acquirement {unknown}
 B - a scroll of enchant armour {unknown}
 C - a scroll of immolation {unknown}
 E - a scroll of butterflies {unknown}
Potions
 i - 3 potions of curing
 j - 4 potions of attraction
 r - 3 potions of brilliance
 D - 2 potions of haste
 F - 2 potions of cancellation
 G - a potion of magic
 H - 2 potions of mutation {unknown}


   Skills:
 + Level 3.6 Fighting
 + Level 2.4 Short Blades
 + Level 2.4 Long Blades
 + Level 2.4 Axes
 + Level 2.4 Maces & Flails
 + Level 2.4 Polearms
 + Level 2.4 Staves
 + Level 2.4 Ranged Weapons
 + Level 2.4 Throwing
 + Level 2.4 Armour
 + Level 5.2 Dodging
 + Level 2.4 Stealth
 + Level 2.4 Shields
 + Level 7.0 Unarmed Combat
 + Level 5.6 Spellcasting
 + Level 2.0 Conjurations
 + Level 2.0 Hexes
 + Level 2.0 Summonings
 + Level 2.0 Necromancy
 + Level 2.0 Translocations
 + Level 4.3 Transmutations
 + Level 2.0 Fire Magic
 + Level 2.0 Ice Magic
 + Level 2.0 Air Magic
 + Level 2.0 Earth Magic
 + Level 2.0 Poison Magic
 + Level 2.7 Invocations
 + Level 2.4 Evocations


You had 14 spell levels left.
You knew the following spells:

 Your Spells              Type           Power      Damage    Failure   Level
a - Beastly Appendage     Tmut           34%        N/A       2%          1
b - Wereblood             Tmut           17%        N/A       4%          2

Your spell library contained the following spells:

 Spells                   Type           Power      Damage    Failure   Level
 Blink                    Tloc           20%        N/A       11%         2
 Spider Form              Tmut/Pois      13%        N/A       13%         3
 Ice Form                 Ice/Tmut       13%        N/A       38%         4
 Manifold Assault         Tloc           10%        N/A       56%         4
 Storm Form               Tmut/Air       6%         N/A       100%        7


Dungeon Overview and Level Annotations

Branches:
Dungeon (5/15)            Ossuary (visited)
 Temple: D:4-7

Altars:
Uskayaw

Annotations:
D:5 Dowan, Sigmund


Innate Abilities, Weirdness & Mutations

You have very sharp teeth.
Your uncanny sense of smell can sniff out nearby items.
Your experience applies equally to all skills.


Message History

Dowan gestures wildly while chanting.
Dowan blinks!
Dowan gestures wildly while chanting.
Dowan blinks!
Dowan zaps a wand.
The puff of flame misses you.
Dowan mumbles some strange words.
Dowan blinks!
You hit Dowan.
Dowan is lightly wounded.
Dowan mumbles some strange words.
Dowan blinks!
Dowan barely misses you. Dowan hits you with a +0 dagger. x2
You hit Dowan. You bite Dowan, but do no damage.
Dowan is heavily wounded.
Dowan misses you. Dowan hits you with a +0 dagger.
You hit Dowan.
Dowan is severely wounded.
You feel yourself speed up. Dowan hits you with a +0 dagger.
Dowan closely misses you. Dowan casts a spell at you.
The stone arrow misses you.
You barely miss Dowan.
Dowan is severely wounded.
Dowan says, "Magic will overcome all!"
Dowan mumbles some strange words.
Dowan blinks!
Dowan zaps a wand.
The puff of flame hits you.
* * * LOW HITPOINT WARNING * * *
Casting: Wereblood (safe; 4% risk of failure)
Confirm with . or Enter, or press ? or * to list all spells.
Okay, then.
You fade into invisibility!
Dowan zaps a wand.
The puff of flame misses you.
Dowan zaps a wand.
You recover from your berserk rage.
Dowan casts a spell at something.
The shard of ice hits you!!
* * * LOW HITPOINT WARNING * * *
Dowan zaps a wand.
The puff of flame misses you.
Dowan zaps a wand.
The puff of flame hits you.
You die...

#.#####
#.....# #@#
#.# .# #.# #.#
.# #.# #.# .#
#.# #.##.#
#e####.#..#
#####........#
#.......)).?.#
#.#######....#
#)##.#


You could see Dowan (fast, unable to see you).

Vanquished Creatures
  Duvessa (D:5)
  A human zombie (Ossuary)
  2 orc priests (D:5)
  2 sleepcaps (D:4)
  An orc wizard (D:5)
  4 mummies
  3 adders
  7 gnolls
  2 worms
  2 dart slugs
  6 orcs (D:5)
  3 ball pythons
  4 endoplasms
  3 giant cockroaches
  8 goblins
  A hobgoblin (D:4)
  4 jackals (D:1)
  2 quokkas
  4 bats
  3 frilled lizards
  3 goblin zombies
  4 hobgoblin zombies
  5 kobolds
  2 kobold zombies (Ossuary)
  4 rats
81 creatures vanquished.

Vanquished Creatures (others)
  A gnoll (D:4)
1 creature vanquished.

Grand Total: 82 creatures vanquished

Notes
Turn   | Place    | Note
-------+----------+-------------------------------------------
     0 | D:1      | croobank the Gnoll Transmuter began the quest for the Orb.
     0 | D:1      | Reached XP level 1. HP: 17/17 MP: 6/6
    81 | D:1      | Reached XP level 2. HP: 18/23 MP: 7/7
    94 | D:1      | Learned a level 2 spell: Wereblood
   242 | D:1      | Reached skill level 5 in Spellcasting
   242 | D:1      | Reached XP level 3. HP: 24/28 MP: 5/9
   881 | D:2      | Reached skill level 1 in Invocations
   883 | D:2      | Noticed a floating eye
   885 | D:2      | Found a faded altar of an unknown god.
   886 | D:2      | Noticed a floating eye
   886 | D:2      | Noticed a golden eye
   886 | D:2      | Noticed a floating eye
  1544 | D:3      | Reached skill level 1 in Short Blades
  1544 | D:3      | Reached skill level 1 in Long Blades
  1544 | D:3      | Reached skill level 1 in Axes
  1544 | D:3      | Reached skill level 1 in Maces & Flails
  1544 | D:3      | Reached skill level 1 in Polearms
  1544 | D:3      | Reached skill level 1 in Staves
  1544 | D:3      | Reached skill level 1 in Ranged Weapons
  1544 | D:3      | Reached skill level 1 in Throwing
  1544 | D:3      | Reached skill level 1 in Armour
  1544 | D:3      | Reached skill level 1 in Stealth
  1544 | D:3      | Reached skill level 1 in Shields
  1544 | D:3      | Reached skill level 1 in Evocations
  2045 | D:3      | Reached XP level 4. HP: 15/34 MP: 8/11
  2311 | D:4      | Reached skill level 1 in Conjurations
  2311 | D:4      | Reached skill level 1 in Hexes
  2311 | D:4      | Reached skill level 1 in Summonings
  2311 | D:4      | Reached skill level 1 in Necromancy
  2311 | D:4      | Reached skill level 1 in Translocations
  2311 | D:4      | Reached skill level 1 in Fire Magic
  2311 | D:4      | Reached skill level 1 in Ice Magic
  2311 | D:4      | Reached skill level 1 in Air Magic
  2311 | D:4      | Reached skill level 1 in Earth Magic
  2311 | D:4      | Reached skill level 1 in Poison Magic
  2758 | D:4      | Found a hide-covered altar of Uskayaw.
  2836 | D:4      | Reached XP level 5. HP: 19/40 MP: 10/12
  3078 | D:4      | Identified the amulet of Wisdom {Spirit Fly rElec MP+9
                  | Stlth-}
  3593 | D:5      | Entered Level 5 of the Dungeon
  3624 | D:5      | Found a sand-covered staircase.
  3631 | D:5      | Reached XP level 6. HP: 45/47 MP: 13/13
  3665 | Ossuary  | Entered an ossuary
  3724 | Ossuary  | Reached skill level 5 in Dodging
  4159 | D:5      | Noticed Sigmund
  4308 | D:5      | Noticed Duvessa
  4330 | D:5      | Killed Duvessa
  4331 | D:5      | Reached skill level 7 in Unarmed Combat
  4331 | D:5      | Reached XP level 7. HP: 44/52 MP: 4/15
  4338 | D:5      | Noticed Dowan
  4358 | D:5      | Killed from afar by Dowan

Illustrated notes

Levels and vault maps discovered:
D:1:      dpeg_arrival_stone_temple_mockup, layout_rooms, solitary_fountain
D:2:      layout_loops_cross, hellmonk_ecumenical_altar_watching_god
D:3:      layout_basic, serial_glass, glass_columns_a, glass_columns_b
D:4:      layout_loops_ring, mainiacjoe_overflow_cross_hatched
D:5:      layout_basic, nemelex_altar_shiori, minmay_temple_entry_proselytizer,
          nicolae_ossuary_entry_giza, gammafunk_ghost_nasty_kobolds,
          uniq_sigmund, uniq_duvessa, uniq_ijyb

Skill      XL: |  1  2  3  4  5  6 |
---------------+-------------------+-----
Spellcasting   | 5 |  5.6
Invocations    | 1 2 |  2.7
Short Blades   | 1 2 |  2.4
Long Blades    | 1 2 |  2.4
Axes           | 1 2 |  2.4
Maces & Flails | 1 2 |  2.4
Polearms       | 1 2 |  2.4
Staves         | 1 2 |  2.4
Ranged Weapons | 1 2 |  2.4
Throwing       | 1 2 |  2.4
Armour         | 1 2 |  2.4
Stealth        | 1 2 |  2.4
Shields        | 1 2 |  2.4
Evocations     | 1 2 |  2.4
Conjurations   | 1 2 |  2.0
Hexes          | 1 2 |  2.0
Summonings     | 1 2 |  2.0
Necromancy     | 1 2 |  2.0
Translocations | 1 2 |  2.0
Fire Magic     | 1 2 |  2.0
Ice Magic      | 1 2 |  2.0
Air Magic      | 1 2 |  2.0
Earth Magic    | 1 2 |  2.0
Poison Magic   | 1 2 |  2.0
Fighting       | 3 |  3.6
Transmutations | 4 |  4.3
Dodging        | 5 |  5.2
Unarmed Combat | 7 |  7.0

Action                     |  1- 3 |  4- 6 |  7- 9 || total
---------------------------+-------+-------+-------++-------
  Melee: Dagger            |   124 |   176 |       ||   300
         Unarmed           |     2 |       |       ||     2
         Kick              |    24 |    64 |       ||    88
         Headbutt          |     8 |    30 |       ||    38
         Bite              |     7 |    28 |     1 ||    36
         Punch             |     1 |    13 |       ||    14
         Quarterstaff      |       |    16 |     4 ||    20
   Cast: Beastly Appendage |    28 |    23 |       ||    51
         Wereblood         |    23 |    21 |       ||    44
    Use: Potion            |     2 |     8 |     1 ||    11
         Scroll            |       |     7 |       ||     7
   Stab: Sleeping          |     1 |       |       ||     1
         Invisible         |       |     2 |       ||     2
 Armour: Robe              |    21 |    11 |       ||    32
         Skin              |    14 |       |       ||    14
  Dodge: Dodged            |    63 |    75 |     8 ||   146
